 Dungeon Crawl Stone Soup version 0.18-a0-1805-g8ab820f (webtiles) character file.

60127 inmateoo the Grappler (level 14, -6/136 HPs)
             Began as a Troll Summoner on Apr 26, 2016.
             Was the Champion of Cheibriados.
             Mangled by a death yak (27 damage)
             ... on level 5 of the Lair of Beasts.
             The game lasted 00:34:21 (17280 turns).

inmateoo the Grappler (Troll Summoner)             Turns: 17280, Time: 00:34:22

Health: -6/136     AC:  8    Str: 41    XL:     14   Next: 55%
Magic:  19/19      EV: 16    Int: 26    God:    Cheibriados [******]
Gold:   1096       SH: 20    Dex: 27    Spells: 4 memorised, 8 levels left

rFire  . . .     SeeInvis +       - Unarmed
rCold  + . .     Gourm    +     Y - steam dragon hide
rNeg   . . .     Faith    .     z - +0 large shield
rPois  .         Spirit   .     (helmet restricted)
rElec  .         Dismiss  .     X - +2 cloak {rC+}
rCorr  .         Reflect  .     (gloves unavailable)
SustAt .         Harm     .     (boots unavailable)
MR     ++...                    E - amulet of regeneration
Stlth  ++........               L - +2 ring of evasion
                                o - +3 ring of strength

@: very slow, very resistant to hostile enchantments, unstealthy
A: unfitting armour, antennae 1, claws 3, rugged brown scales 1, see invisible,
agile 1, deformed body, fast metabolism 3, gourmand, magic resistance 1,
regeneration 2, shaggy fur 1, tough skin 2
a: Bend Time, Temporal Distortion, Slouch, Step From Time, Renounce Religion


You were on level 5 of the Lair of Beasts.
You worshipped Cheibriados.
Cheibriados was exalted by your worship.
You were not hungry.

You visited 2 branches of the dungeon, and saw 19 of its levels.
You also visited: Labyrinth, Ossuary and Ice Cave.

You collected 1616 gold pieces.
You spent 520 gold pieces at shops.

Inventory:

Missiles
 R - 8 large rocks (quivered)
Armour
 z - a +0 large shield (worn)
 X - a +2 cloak of cold resistance (worn)
 Y - a steam dragon hide (worn)
Rods
 M - a +5 rod of ignition (14/14)
   (You found it in a labyrinth)
Jewellery
 i - an uncursed ring of flight
 o - a +3 ring of strength (left claw)
 B - an uncursed ring of wizardry
 E - an amulet of regeneration (around neck)
 L - a +2 ring of evasion (right claw)
Wands
 a - a wand of lightning (13/15)
 w - a wand of digging (5/24)
 C - a wand of lightning (3/15)
 N - a wand of paralysis (15/24)
 O - a wand of acid (3/15)
 S - a wand of digging (8/24)
Scrolls
 d - 9 scrolls of remove curse
 j - 8 scrolls of teleportation
 q - 4 scrolls of identify
 t - 3 scrolls of silence
 x - a scroll of magic mapping
 J - 3 scrolls of recharging
 V - a scroll of fog
Potions
 b - a potion of might
 k - a potion of invisibility
 l - a potion of flight
 m - a potion of ambrosia
 n - 3 potions of heal wounds
 p - 2 potions of agility
 s - 3 potions of cancellation
 u - 5 potions of curing
 A - 3 potions of brilliance
 G - a potion of magic
Books
 h - Otovvukk's Guide on the Birds and the Glacier
   (You found it on level 4 of the Lair of Beasts)

   Spells                             Type                      Level
   a - Repel Missiles                 Charms/Air                   2
   b - Throw Frost                    Conjuration/Ice              2
   c - Summon Lightning Spire         Summoning/Air                4
   d - Lightning Bolt                 Conjuration/Air              5
   e - Deflect Missiles               Charms/Air                   6
Miscellaneous
 e - a plain deck of war
 Q - a phial of floods
Comestibles
 c - 13 bread rations
 f - 9 meat rations
 g - a slice of pizza
 r - 7 fruits
 F - 13 royal jellies
 P - a beef jerky


   Skills:
 + Level 7.5 Fighting
 + Level 7.6 Throwing
 + Level 6.3 Armour
 - Level 7.1 Dodging
 - Level 1.1 Stealth
 + Level 6.2 Shields
 * Level 14.2 Unarmed Combat
 + Level 4.1 Spellcasting
 + Level 1.5 Charms
   Level 2.9 Summonings
 + Level 2.7 Transmutations
 + Level 2.4 Earth Magic
 + Level 7.8 Invocations


You had 8 spell levels left.
You knew the following spells:

 Your Spells              Type           Power        Failure   Level  Hunger
a - Cure Poison           Pois           #.........   82%         2    None
b - Petrify               Trmt/Erth      ###.....     99%         4    ####...
c - Irradiate             Conj/Trmt      ##........   100%        5    #####..
d - Repel Missiles        Chrm/Air       #.....       71%         2    None


Dungeon Overview and Level Annotations

Branches:
Dungeon (13/15)            Temple (0/1) D:7            Lair (6/8) D:10
 Shoals (0/4) Lair:3          Orc (0/2) D:9
  Snake: Lair:3-6    Spider: Lair:3-6     Slime: Lair:6-8    Vaults: D:13-14

Altars:
Cheibriados
Gozag
Kikubaaqudgha
Nemelex Xobeh
Pakellas
Qazlal
Ru
Sif Muna
Trog
Xom
Zin

Shops:
D:11 }

Annotations:
D:9 exclusion: 2 orc priests


Innate Abilities, Weirdness & Mutations

You are too large for most types of armour.
You have claws for hands.
Your metabolism is lightning-fast.
You like to eat raw meat.
You heal very quickly.
You are covered in fur (AC +1).
You have very tough skin (AC +2).
You have a pair of small antennae on your head.
You are partially covered in rugged brown scales (AC +1, +3% HP).
You have supernaturally acute eyesight.
You are agile. (Dex +2)
Armour fits poorly on your strangely shaped body.
You are resistant to hostile enchantments.


Message History

You are too injured to fight recklessly!
You are too injured to fight recklessly!
You are too injured to fight recklessly!
You are too injured to fight recklessly!
Unknown command.
You scratch the death yak.
The death yak is almost dead.
You block the death yak's attack. The death yak completely misses you.
You barely miss the death yak.
The death yak is almost dead.
The death yak gores you!!
* * * LOW HITPOINT WARNING * * *
You claw the death yak!
You kill the death yak!
Cheibriados thoroughly appreciates the change of pace.
You block the death yak's attack.
You mangle the death yak!!
The death yak is moderately wounded.
The death yak gores you!!
You die...

♣♣♣♣.♣♣.♣#..#.##........#####...#
.♣♣....♣##...##P..........##...##
♣♣♣♣....#....#.......##....#...##
..♣....##.....##......#....##...#
.♣.....##.....#...........##....#
♣♣♣#...###...#.#.......#####.}..#
#♣#...## ##.###.......#.###.....#
.#.....####.........P...##.##...#
...........≈≈≈.†@..............#.
............≈≈≈Y.≈≈≈............#
...........≈≈≈≈≈≈≈≈≈...........##
...........≈≈≈≈≈≈≈≈≈...........##
.#..........≈≈≈≈≈≈≈≈...........P#
..#..........≈≈≈≈≈≈≈............#
..##..........≈≈≈≈...#..+...#...#
..#......#.##........#.#....#..##
.###.....####..................#


You could see a death yak.

Vanquished Creatures
  Maud (D:11)
  A minotaur (Lab)
  2 hydras (Lair:5)
  A queen ant (Lair:4)
  8 death yaks (Lair:5)
  3 unseen horrors
  3 skeletal warriors
  An orange crystal statue (D:10)
  5 hill giants
  3 ugly things
  2 cyclopes
  4 black mambas
  Maurice (D:10)
  3 elephants (Lair:3)
  2 ice statues (IceCv)
  A gargoyle (D:10)
  Psyche (D:10)
  A rime drake (Lair:2)
  12 spiny frogs
  4 ice devils (IceCv)
  10 komodo dragons
  A queen bee (Lair:1)
  4 trolls
  A two-headed ogre (D:9)
  Prince Ribbit (Lair:1)
  6 blink frogs
  8 spriggans
  4 wraiths (D:11)
  33 yaks
  5 wyverns
  A basilisk (Lair:3)
  4 steam dragons
  5 hungry ghosts
  Grum (D:11)
  7 hippogriffs
  A mottled dragon (D:13)
  15 soldier ants (Lair:4)
  12 orc warriors
  7 water moccasins
  10 porcupines
  2 black bears
  10 ice beasts
  A sky beast (D:7)
  2 wasps (D:9)
  4 phantoms
  9 ogres
  A necrophage (D:10)
  15 wolves
  12 centaurs
  11 crocodiles
  A big kobold (D:7)
  18 giant frogs
  4 water moccasin zombies
  A wyvern skeleton (D:9)
  6 scorpions
  13 wights
  47 killer bees
  A spriggan skeleton (Lab)
  2 jellies
  2 troll skeletons (Lab)
  6 howler monkeys
  5 electric eels
  7 crimson imps
  3 centaur zombies
  A giant frog zombie (D:8)
  5 hounds
  7 orc priests
  3 centaur skeletons
  14 orc wizards
  2 giant frog skeletons
  10 hell rats
  9 iguanas
  41 worker ants
  2 big kobold zombies (Ossuary)
  2 hound zombies
  A hound skeleton (D:11)
  2 mummies (Ossuary)
  A worker ant zombie (D:10)
  6 gnolls
  18 adders
  A howler monkey skeleton (D:6)
  59 river rats
  A shadow imp (D:9)
  8 white imps (IceCv)
  5 ufetubi (IceCv)
  4 adder zombies (Ossuary)
  2 adder skeletons
  A worm (D:2)
  4 dart slugs
  7 giant geckos
  44 orcs
  A ball python (D:3)
  10 giant cockroaches
  11 goblins
  4 hobgoblins
  9 jackals
  14 kobolds
  5 quokkas
  9 bats
  A giant gecko zombie (D:5)
  5 giant newts
  3 hobgoblin zombies (Ossuary)
  7 kobold zombies (Ossuary)
  4 orc zombies (Ossuary)
  A quokka skeleton (D:4)
  7 rats
  A fungus (Lair:5)
  6 plants (Lair:5)
736 creatures vanquished.

Vanquished Creatures (others)
  Josephine (D:11)
  A white imp (IceCv)
  An ufetubus (IceCv)
  5 fungi
  A plant (Lair:3)
9 creatures vanquished.

Grand Total: 745 creatures vanquished

Notes
Turn   | Place    | Note
--------------------------------------------------------------
     0 | D:1      | inmateoo the Troll Summoner began the quest for the Orb.
     0 | D:1      | Reached XP level 1. HP: 16/16 MP: 1/1
    90 | D:1      | Reached skill level 1 in Unarmed Combat
   151 | D:1      | Reached XP level 2. HP: 24/24 MP: 2/2
   265 | D:1      | Reached skill level 2 in Unarmed Combat
   424 | D:1      | You fall through a shaft!
   603 | D:2      | Found an ancient bone altar of Kikubaaqudgha.
   642 | D:2      | Reached XP level 3. HP: 31/31 MP: 3/3
   651 | D:2      | Reached skill level 3 in Unarmed Combat
   914 | D:2      | Found a glowing silver altar of Zin.
   915 | D:2      | Noticed an angel
  1077 | D:3      | Reached XP level 4. HP: 33/39 MP: 4/4
  1096 | D:3      | Reached skill level 4 in Unarmed Combat
  1407 | D:3      | Reached XP level 5. HP: 45/45 MP: 5/5
  2006 | D:4      | Reached skill level 5 in Unarmed Combat
  2327 | D:4      | Found a sand-covered staircase.
  2331 | Ossuary  | Entered an ossuary
  2355 | Ossuary  | Reached skill level 6 in Unarmed Combat
  2355 | Ossuary  | Reached XP level 6. HP: 25/53 MP: 6/6
  2540 | Ossuary  | Reached skill level 7 in Unarmed Combat
  2854 | D:4      | Reached XP level 7. HP: 31/59 MP: 7/7
  3149 | D:5      | Entered Level 5 of the Dungeon
  3193 | D:5      | Reached skill level 1 in Fighting
  3281 | D:5      | Reached skill level 8 in Unarmed Combat
  3403 | D:5      | Found a deep blue altar of Sif Muna.
  3411 | D:5      | Found a shimmering altar of Xom.
  3411 | D:5      | Found a snail-covered altar of Cheibriados.
  3435 | D:5      | Became a worshipper of Cheibriados the Contemplative
  3596 | D:5      | Found a sparkling altar of Nemelex Xobeh.
  3771 | D:6      | Found a stormy altar of Qazlal.
  3771 | D:6      | Noticed a water elemental
  3772 | D:6      | Noticed an air elemental
  3772 | D:6      | Noticed a fire elemental
  3843 | D:6      | Reached XP level 8. HP: 46/74 MP: 8/8
  3952 | D:6      | Reached skill level 9 in Unarmed Combat
  4048 | D:6      | Reached * piety under Cheibriados
  4272 | D:6      | Reached skill level 1 in Throwing
  4272 | D:6      | Reached skill level 1 in Invocations
  4692 | D:7      | Gained mutation: You are agile. (Dex +2) [mutagenic meat]
  4693 | D:7      | Gained mutation: You are resistant to hostile enchantments. [mutagenic meat]
  4794 | D:7      | Reached ** piety under Cheibriados
  4835 | D:7      | Reached XP level 9. HP: 69/83 MP: 9/9
  4903 | D:7      | Found a staircase to the Ecumenical Temple.
  4982 | D:7      | Reached skill level 10 in Unarmed Combat
  5291 | D:8      | Reached *** piety under Cheibriados
  5490 | D:8      | Gained mutation: You have a pair of small antennae on your head. [potion of mutation]
  5490 | D:8      | Gained mutation: You evolve. [potion of mutation]
  5490 | D:8      | Lost mutation: You evolve. [potion of mutation]
  5498 | D:8      | Found an opulent altar of Gozag.
  5599 | D:8      | Found an oddly glowing altar of Pakellas.
  5600 | D:8      | Found a sacrificial altar of Ru.
  5818 | D:8      | Reached **** piety under Cheibriados
  5818 | D:8      | Reached XP level 10. HP: 71/94 MP: 11/11
  5891 | D:8      | Reached skill level 1 in Armour
  5989 | D:8      | Found a bloodstained altar of Trog.
  6098 | D:8      | Reached skill level 1 in Shields
  6098 | D:8      | Reached skill level 11 in Unarmed Combat
  6456 | D:9      | Reached ***** piety under Cheibriados
  6472 | D:9      | Noticed a skeletal warrior
  6482 | D:8      | HP: 4/94 [skeletal warrior/hand axe of freezing[a skeletal warrior] (10)]
  6484 | D:8      | Killed a skeletal warrior
  6609 | D:9      | Noticed a skeletal warrior
  6628 | D:8      | Killed a skeletal warrior
  6673 | D:9      | Reached skill level 5 in Fighting
  6917 | D:9      | Noticed a skeletal warrior
  6925 | D:9      | Killed a skeletal warrior
  6925 | D:9      | Reached XP level 11. HP: 84/102 MP: 13/13
  7405 | D:9      | Reached skill level 5 in Throwing
  7484 | D:9      | Reached skill level 5 in Invocations
  7739 | D:9      | Found a staircase to the Orcish Mines.
  7881 | D:10     | Entered Level 10 of the Dungeon
  7881 | D:10     | Found a staircase to the Lair.
  7891 | D:10     | Noticed Psyche
  7900 | D:10     | Killed Psyche
  7922 | D:10     | Noticed an orange crystal statue
  8254 | D:10     | Found a sparkling altar of Nemelex Xobeh.
  8277 | D:10     | Learned a level 2 spell: Cure Poison
  8322 | D:10     | Reached skill level 12 in Unarmed Combat
  8344 | D:10     | Killed an unseen horror
  8464 | D:10     | Noticed a hill giant
  8473 | D:10     | Killed a hill giant
  8473 | D:10     | Reached skill level 5 in Dodging
  8509 | D:10     | Noticed a green ugly thing
  8515 | D:10     | Killed a green ugly thing
  8523 | D:10     | Noticed a hill giant
  8528 | D:10     | Killed a hill giant
  8632 | D:10     | Killed an unseen horror
  8729 | D:10     | Noticed Maurice
  8739 | D:10     | Killed Maurice
  8971 | D:10     | Noticed a hill giant
  8978 | D:10     | Killed a hill giant
  9073 | D:11     | Noticed Grum
  9184 | D:11     | Killed Grum
  9197 | D:11     | Gained mutation: You have supernaturally acute eyesight. [potion of beneficial mutation]
  9242 | D:11     | Found a labyrinth entrance.
  9265 | Lab      | Entered a labyrinth
  9398 | Lab      | Reached XP level 12. HP: 46/113 MP: 15/15
 10023 | Lab      | Noticed a minotaur
 10027 | Lab      | Killed a minotaur
 10055 | D:11     | Identified a +5 rod of ignition (14/14) (You found it in a labyrinth)
 10134 | D:11     | Noticed Josephine
 10196 | D:11     | Reached ****** piety under Cheibriados
 10487 | D:11     | Killed Josephine
 10570 | D:11     | Noticed Maud
 10578 | D:11     | Killed Maud
 10590 | D:11     | Found Siaqeisch's Gadget Emporium.
 10666 | D:11     | Bought a phial of floods for 520 gold pieces
 10716 | D:11     | Reached skill level 5 in Armour
 10844 | D:11     | Reached skill level 13 in Unarmed Combat
 11110 | D:12     | Identified the Tome of Cankerous Evil Arts
 11350 | D:11     | Gained mutation: Armour fits poorly on your strangely shaped body. [mutagenic meat]
 11351 | D:11     | Gained mutation: You are partially covered in rugged brown scales (AC +1, +3% HP). [mutagenic meat]
 11870 | D:13     | Noticed a vault guard
 11872 | D:13     | Reached skill level 5 in Shields
 11903 | D:13     | Reached XP level 13. HP: 82/126 MP: 17/17
 11942 | D:13     | Found a frozen archway.
 11976 | IceCv    | Entered an ice cave
 12237 | D:13     | Noticed a vault guard
 12456 | Lair:1   | Entered Level 1 of the Lair of Beasts
 12783 | Lair:1   | Noticed Prince Ribbit
 13233 | Lair:1   | Killed Prince Ribbit
 13468 | Lair:2   | Learned a level 4 spell: Petrify
 13474 | Lair:2   | Learned a level 5 spell: Irradiate
 14046 | Lair:3   | Found a staircase to the Shoals.
 14119 | Lair:3   | Reached skill level 1 in Transmutations
 14122 | Lair:3   | Reached skill level 1 in Earth Magic
 15028 | Lair:4   | Reached XP level 14. HP: 136/136 MP: 18/18
 15123 | Lair:4   | Identified Otovvukk's Guide on the Birds and the Glacier
 15127 | Lair:4   | Learned a level 2 spell: Repel Missiles
 15186 | Lair:4   | Reached skill level 14 in Unarmed Combat
 16029 | Lair:5   | Reached skill level 1 in Charms
 17280 | Lair:5   | Mangled by a death yak

Vault maps used:
D:1:      noname_arrival_rooms_in_the_neighbourhood, nrook_mini_backslash,
          dk_noncrumbling_4, minmay_cut_off
D:2:      zin_angel, lemuel_round_altar
D:4:      enter_ossuary_5
D:5:      nemelex_deck, gammafunk_temple_overflow_forgotten, first_bread
D:6:      minivault_26, corexii_corridor_pit, nicolae_qazlal_style_of_elements
D:7:      minmay_temple_entry_hall
D:8:      wad_guarded_room, lemuel_round_altar, nicolae_overflow_hidden_temple,
          the_bakery
D:9:      erik_orc_2, kennysheep_generic_room_4
D:10:     lair_0_dummy, basic_altar, minivault_16, uniq_maurice, uniq_psyche
D:11:     lab_entry_generic, serial_shops, nicolae_shop_stone,
          nicolae_straight_to_the_point, uniq_josephine, uniq_maud, uniq_grum
D:13:     grunt_vaults_entry_fortified, portal_ice_cave_entry_ice_beasts,
          basic_altar, lemuel_statue_altar
Lair:1:   special_room, uniq_prince_ribbit2
Lair:2:   serial_bayou_shore_b
Lair:3:   forest_paths, shoals_dummy_entry
Lair:4:   zaba_anthell
Lair:5:   wad_woods_03, infiniplex_staircase_pool, lemuel_fruit_tree
Lair:6:   spider_nest_entry_webs, serial_bayou_shore_b
Lab:      nicolae_lab_grate_2, nicolae_lab_swirl
Ossuary:  ossuary_tomb_2
IceCv:    ice_cave_small_demon

Skill      XL: |  1  2  3  4  5  6  7  8  9 10 11 12 13 14 |
---------------+-------------------------------------------+-----
Unarmed Combat | 1 2 3 4 6 7 8 9 10 11 12 13 14 | 14.2
Fighting       | 2 3 4 5 6 7 |  7.5
Throwing       | 2 3 4 5 6 7 |  7.6
Invocations    | 2 3 4 5 6 7 |  7.8
Dodging        | 2 3 4 5 6 7 |  7.1
Armour         | 2 4 5 6 |  6.3
Shields        | 2 3 5 6 |  6.2
Spellcasting   | 2 3 4 |  4.1
Transmutations | 1 2 |  2.7
Earth Magic    | 1 2 |  2.4
Charms         | 1 |  1.5
Stealth        | |  1.1
Summonings     | |  2.9

Action                   |  1- 3 |  4- 6 |  7- 9 | 10-12 | 13-15 || total
-------------------------+-------+-------+-------+-------+-------++-------
Melee: Unarmed           |   107 |   202 |   309 |   664 |   865 ||  2147
       Punch             |       |     6 |    14 |       |       ||    20
Throw: Large rock        |       |       |       |       |    24 ||    24
Invok: Slouch            |       |       |       |     3 |     1 ||     4
Evoke: Wand              |       |       |       |     1 |     7 ||     8
  Use: Scroll            |       |    14 |     6 |    13 |     9 ||    42
       Potion            |       |       |     6 |     4 |       ||    10
 Stab: Sleeping          |     1 |     2 |     2 |    10 |    14 ||    29
       Invisible         |       |       |       |     2 |       ||     2
       Distracted        |       |       |       |       |     1 ||     1
  Eat: Chunk             |    15 |     9 |    27 |    42 |    37 ||   130
       Fruit             |       |       |     4 |     2 |       ||     6
       Beef jerky        |       |       |     1 |     3 |       ||     4
       Pizza             |       |       |     1 |       |       ||     1
Armor: Robe              |    42 |    68 |   105 |    81 |    18 ||   314
       Skin              |       |       |     2 |       |       ||     2
       Steam dragon hide |       |       |       |       |    64 ||    64
Dodge: Dodged            |    52 |    69 |   146 |   167 |   321 ||   755
Block: Large shield      |       |       |    27 |   536 |   875 ||  1438
